 Dungeon Crawl Stone Soup version 0.31-a0-233-g139696dc86 (webtiles) character file.

Game seed: 14214740514371566077

650 qw the Shooter (level 7, -5/44 HPs)
             Began as a Gargoyle Hexslinger on July 8, 2023.
             Slain by a gnoll
             ... wielding a +0 halberd
             ... led by a gnoll bouda
              (7 damage)
             ... on level 4 of the Dungeon.
             The game lasted 00:01:31 (3077 turns).

qw the Shooter (Gargoyle Hexslinger)                Turns: 3077, Time: 00:01:32

Health: -5/44      AC: 11    Str: 11    XL:     7   Next: 53%
Magic:  8/8        EV: 11    Int: 14    God:
Gold:   113        SH:  0    Dex: 14    Spells: 7/8 levels left

rFire   . . .        Y - +2 sling
rCold   . . .        (no shield)
rNeg    + . .        g - +0 leather armour
rPois   inf          i - +2 hat
rElec   +            (no cloak)
rCorr   .            (no gloves)
SInv    .            j - +0 pair of boots
Will    .....        (no amulet)
Stlth   +            (no ring)
HPRegen 0.27/turn    (no ring)
MPRegen 0.11/turn

%: no passive effects
@: no status effects
A: sickness immunity, AC +4, negative energy resistance 1, electricity
resistance, torment resistance 1, petrification resistance
a: no special abilities


You were on level 4 of the Dungeon.
You visited 1 branch of the dungeon, and saw 4 of its levels.

You collected 194 gold pieces.
You spent 81 gold pieces at shops.


Innate Abilities, Weirdness & Mutations

You are immune to sickness and miasma.
Your stone body is resilient. (AC +4)
You are immune to poison.
You resist negative energy. (rN+)
You are resistant to electric shocks. (rElec)
You are resistant to unholy torment.
You are immune to petrification.


   Skills:
 - Level 4.5 Fighting
 + Level 6.7 Ranged Weapons
 - Level 1.9 Armour
 - Level 1.5 Dodging
 - Level 1.0 Spellcasting
 - Level 2.6 Hexes


You had 7 spell levels left.
You knew the following spells:

 Your Spells              Type           Power      Damage    Failure   Level
a - Slow                  Hex            32%        N/A       12%         1

Your spell library contained the following spells:

 Spells                   Type           Power      Damage    Failure   Level
 Inner Flame              Hex/Fire       4%         N/A       52%         3
 Portal Projectile        Hex/Tloc       8%         N/A       52%         3
 Cause Fear               Hex            4%         N/A       75%         4

Inventory:

Hand Weapons
 Y - a +2 sling (weapon)
Armour
 g - a +0 leather armour (worn)
 i - a +2 hat (worn)
 j - a +0 pair of boots (worn)
Wands
 m - a wand of digging (5)
Scrolls
 e - a scroll of identify
 f - a scroll of immolation {unknown}
 l - a scroll of enchant armour {unknown}
Potions
 b - a potion of haste {unknown}
 c - a potion of cancellation {unknown}
 d - a potion of attraction {unknown}
 h - a potion of invisibility {unknown}
 k - a potion of enlightenment {unknown}
 n - a potion of curing

Dungeon Overview and Level Annotations

Branches:
Dungeon (4/15)
 Temple: D:4-7

Altars:

Shops:
D:1 =   D:3 [

Annotations:
D:4 Duvessa


Message History

You shoot a sling bullet. The sling bullet hits Dowan!
Dowan is severely wounded.
The gnoll hits you from afar with a +0 halberd!
Duvessa hits you with a +0 short sword! Dowan hits you but does no damage.
The gnoll closely misses you.
A scorpion comes into view.
You shoot a sling bullet. The sling bullet closely misses Dowan.
Duvessa barely misses you. Dowan hits you but does no damage.
The gnoll barely misses you.
You shoot a sling bullet. The sling bullet closely misses Dowan.
Duvessa hits you with a +0 short sword. Dowan casts a spell at you.
The puff of frost misses you. The gnoll closely misses you.
Duvessa says, "Practise, practise, practise!
One day you'll be as good as me." Duvessa barely misses you.
Dowan barely misses you.
You shoot a sling bullet. The sling bullet hits Dowan.
Dowan is almost dead.
The gnoll closely misses you. Duvessa hits you with a +0 short sword.
Dowan points at you and mumbles some strange words.
The puff of frost misses you.
You shoot a sling bullet. The sling bullet hits Dowan.
You kill Dowan!
Duvessa screams in rage.
Duvessa goes berserk!
Duvessa hits you but does no damage. The gnoll closely misses you.
You shoot a sling bullet. The sling bullet hits Duvessa.
Duvessa is lightly wounded.
Duvessa hits you with a +0 short sword. The gnoll hits you but does no damage.
Duvessa hits you with a +0 short sword.
The scorpion stings you but does no damage.
You shoot a sling bullet. The sling bullet barely misses Duvessa.
The sling bullet hits the gnoll.
The gnoll is severely wounded.
Duvessa hits you with a +0 short sword. The gnoll barely misses you.
The scorpion misses you. Duvessa barely misses you.
You shoot a sling bullet. The sling bullet hits Duvessa.
Duvessa is lightly wounded.
Duvessa barely misses you.
The gnoll hits you from afar with a +0 halberd!
You die...

.# ###...#.### ##
#..###.# .#
#.#.#.## .#
#.##.## .# #.##.#
.# ######.##.# .#
:......##)#
##.######
######.##.#
#.s......
#......##.#
#@eg.....
#.####.##.#
#.######. #.##
#.#...#####.#
...###...#.......#
.......#...##.####
..........###.#
....####### #.#
##### #.#
#.#########.


You could see Duvessa (berserk), a scorpion and a gnoll.

Vanquished Creatures
  2 scorpions (D:4)
  Dowan (D:4)
  A hound (D:3)
  A gnoll bouda (D:4)
  Ijyb (D:3)
  An iguana (D:3)
  An orc wizard (D:3)
  7 gnolls
  4 adders (D:2)
  4 worms
  2 dart slugs
  4 orcs (D:3)
  3 bats
  5 endoplasms
  3 giant cockroaches (D:2)
  8 goblins
  6 hobgoblins
  6 jackals (D:1)
  5 kobolds
  5 quokkas
  5 ball pythons
  3 frilled lizards (D:3)
  7 rats
  A spectral kobold (D:1)
86 creatures vanquished.

Vanquished Creatures (others)
  Sigmund (D:4)
1 creature vanquished.

Grand Total: 87 creatures vanquished

Notes
Turn   | Place    | Note
-------+----------+-------------------------------------------
     0 | D:1      | qw the Gargoyle Hexslinger began the quest for the Orb.
     0 | D:1      | Reached XP level 1. HP: 12/12 MP: 2/2
     0 | D:1      | 0 ||| qw: Version: 0.3-a-46-gb1f654a
     0 | D:1      | 0 ||| qw: Game counter: 3454
     0 | D:1      | 0 ||| qw: Melee chars always use a shield: true
     0 | D:1      | 0 ||| qw: God list: Okawaru
     0 | D:1      | 0 ||| qw: Allow faded altars: false
     0 | D:1      | 0 ||| qw: Do Orc after clearing Dungeon:15 true
     0 | D:1      | 0 ||| qw: Do second Lair branch before Depths: true
     0 | D:1      | 0 ||| qw: Lair rune preference: random
     0 | D:1      | 0 ||| qw: Goals: Normal
     0 | D:1      | 0 ||| PLANNING D:1-11
    62 | D:1      | Found a faded altar of an unknown god.
   237 | D:1      | Reached skill level 3 in Ranged Weapons
   237 | D:1      | Reached XP level 2. HP: 10/16 MP: 3/3
   314 | D:1      | Reached XP level 3. HP: 16/21 MP: 4/4
   320 | D:1      | HP: 4/21 [quokka (2)]
   395 | D:1      | Found Kust's Jewellery Emporium.
   404 | D:1      | 404 ||| SHOPLISTING +6 ring of dexterity (396 gold, have
                  | 12).
   404 | D:1      | 404 ||| SHOPLISTING amulet of Xineps {Reflect +Blink SH+5}
                  | (484 gold, have 12).
   404 | D:1      | 404 ||| SHOPLISTING ring of ice (275 gold, have 12).
   404 | D:1      | 404 ||| SHOPLISTING ring of resist corrosion (220 gold,
                  | have 12).
   752 | D:1      | 752 ||| UPGRADING to +0 helmet.
   757 | D:1      | 757 ||| UPGRADING to +0 leather armour.
   767 | D:1      | 767 ||| DROPPING +0 robe.
   768 | D:1      | 768 ||| READING scroll labelled VAGGAL OFETOG ZEB.
   769 | D:1      | 769 ||| READING scroll labelled NAEJ DOECRAT.
   770 | D:1      | 770 ||| READING scroll labelled WUBIWY CEJU.
   771 | D:1      | 771 ||| DROPPING scroll of poison.
   863 | D:2      | Reached XP level 4. HP: 26/26 MP: 5/5
   981 | D:2      | Reached skill level 4 in Ranged Weapons
  1177 | D:2      | 1177 ||| FLEEEEING.
  1271 | D:2      | Reached XP level 5. HP: 30/30 MP: 6/6
  1558 | D:2      | Reached skill level 5 in Ranged Weapons
  1625 | D:2      | 1625 ||| UPGRADING to +2 hat.
  1635 | D:2      | 1635 ||| DROPPING +0 helmet.
  1636 | D:2      | 1636 ||| READING scroll labelled AZESIAXUZU.
  1637 | D:2      | 1637 ||| DRINKING 3 cyan potions.
  1748 | D:3      | 1748 ||| DRINKING 2 potions of curing.
  1748 | D:3      | 1748 ||| (to cure confusion)
  1756 | D:3      | HP: 7/31 [something (1)]
  1892 | D:3      | Found Iceof's Antique Armour Shoppe.
  1896 | D:3      | 1896 ||| SHOPLISTING faintly glowing leather armour (126
                  | gold, have 122).
  1896 | D:3      | 1896 ||| BUYING pair of boots (81 gold).
  1896 | D:3      | Bought a pair of boots for 81 gold pieces
  1896 | D:3      | 1896 ||| SHOPLISTING ring mail (72 gold, have 41).
  1976 | D:3      | Reached skill level 3 in Fighting
  2068 | D:3      | Reached XP level 6. HP: 37/37 MP: 7/7
  2147 | D:3      | Noticed Ijyb
  2176 | D:3      | Killed Ijyb
  2566 | D:3      | 2566 ||| UPGRADING to +0 pair of boots.
  2571 | D:3      | 2571 ||| READING scroll labelled FOIXKA SOWIAKI.
  2576 | D:3      | 2576 ||| READING scroll labelled AQUOMACKEKK.
  2577 | D:3      | 2577 ||| DRINKING 2 glowing brown potions.
  2578 | D:3      | 2578 ||| DRINKING potion of curing.
  2578 | D:3      | 2578 ||| (to cure confusion)
  2579 | D:3      | 2579 ||| DRINKING 2 yellow potions.
  2580 | D:3      | 2580 ||| DROPPING potion of ambrosia.
  2581 | D:3      | 2581 ||| DROPPING potion of brilliance.
  2651 | D:4      | Reached skill level 6 in Ranged Weapons
  2659 | D:4      | Reached skill level 1 in Armour
  2665 | D:4      | Noticed Sigmund
  2679 | D:4      | Killed Sigmund
  2680 | D:4      | Reached XP level 7. HP: 44/44 MP: 8/8
  2869 | D:4      | 2869 ||| Stepping ~*~*~tactically~*~*~ (outnumbered).
  2871 | D:4      | 2871 ||| Stepping ~*~*~tactically~*~*~ (outnumbered).
  2890 | D:4      | HP: 8/44 [gnoll/+0 halberd[a gnoll bouda] (8)]
  2891 | D:4      | 2891 ||| READING scroll of teleportation.
  2892 | D:4      | HP: 2/44 [gnoll/+0 halberd[a gnoll bouda] (6)]
  3061 | D:4      | Noticed Dowan
  3062 | D:4      | Noticed Duvessa
  3073 | D:4      | HP: 10/44 [Duvessa/+0 short sword (6)]
  3074 | D:4      | Killed Dowan
  3075 | D:4      | HP: 3/44 [Duvessa/+0 short sword (2)]
  3076 | D:4      | HP: 1/44 [Duvessa/+0 short sword (2)]
  3077 | D:4      | Slain by a gnoll

Levels and vault maps discovered:
D:1:      minmay_arrival_up_and_down, layout_loops_ring, serial_shops, shop,
          dreamdust_ecumenical_altar_drowned_temple
D:2:      layout_loops_cross, minmay_randomly_rotated_circles
D:3:      layout_loops_ring, serial_shops, nicolae_shop_back_alley_shop,
          uniq_ijyb
D:4:      layout_loops_ring, grunt_temple_overflow_opulence, uniq_duvessa,
          uniq_sigmund

Skill      XL: |  1  2  3  4  5  6 |
---------------+-------------------+-----
Ranged Weapons | 3 4 5 6 |  6.7
Fighting       | 2 3 4 |  4.5
Armour         | 1 |  1.9
Dodging        | |  1.5
Spellcasting   | |  1.0
Hexes          | |  2.6

Action                     |  1- 3 |  4- 6 |  7- 9 || total
---------------------------+-------+-------+-------++-------
   Fire: Sling             |   114 |   248 |    44 ||   406
    Use: Scroll            |     3 |     3 |     1 ||     7
         Potion            |       |     5 |       ||     5
 Armour: Robe              |    33 |       |       ||    33
         Leather armour    |     4 |    61 |    10 ||    75
  Dodge: Dodged            |    61 |    72 |    31 ||   164

Table legend:
 A = Non-vault XP
 B = Vault XP
 C = Vault XP percentage of total XP
 D = Non-vault monster count
 E = Vault monster count
 F = Vault count percentage of total count
                 A         B        C        D         E       F
            +---------+---------+-------+---------+---------+-------
      Total |     602 |     327 |  35.2 |      77 |      10 |  11.5
            +---------+---------+-------+---------+---------+-------
        D:1 |      52 |       1 |   1.9 |      23 |       1 |   4.2
        D:2 |     140 |      14 |   9.1 |      24 |       6 |  20.0
        D:3 |     159 |      38 |  19.3 |      21 |       1 |   4.5
        D:4 |     251 |     274 |  52.2 |       9 |       2 |  18.2
            +---------+---------+-------+---------+---------+-------
